 Dungeon Crawl Stone Soup version 0.29-a0-721-g7f417c9bbb (webtiles) character file.

Game seed: 6536388108744744913

46 bande the Covered (level 3, -2/24 HPs)
             Began as a Gargoyle Fighter on June 28, 2022.
             Slain by Sigmund
             ... wielding a +2 scythe of protection
              (5 damage)
             ... on level 2 of the Dungeon.
             The game lasted 00:02:18 (2124 turns).

bande the Covered (Gargoyle Fighter)                Turns: 2124, Time: 00:02:19

Health: -2/24      AC: 13    Str: 19    XL:     3   Next: 66%
Magic:  3/3        EV:  9    Int:  8    God:
Gold:   122        SH:  0    Dex: 11    Spells: 2/2 levels left

rFire   . . .      SeeInvis .   a - +0 war axe
rCold   . . .      Faith    .   c - +0 buckler
rNeg    + . .      Spirit   .   b - +0 scale mail
rPois   ∞          Reflect  .   m - +0 helmet
rElec   +          Harm     .   (no cloak)
rCorr   .          Rampage  .   (no gloves)
Will    .....                   h - +1 pair of boots
Stlth   ..........              (no amulet)
HPRegen 0.08/turn               (no ring)
MPRegen 0.08/turn               (no ring)

@: confused, mighty
A: sickness immunity, AC +3, negative energy resistance 1, electricity
resistance, torment resistance 1, petrification resistance
a: no special abilities


You were on level 2 of the Dungeon.
You visited 1 branch of the dungeon, and saw 2 of its levels.

You collected 122 gold pieces.

Inventory:

Hand Weapons
 a - a +0 war axe (weapon)
 e - a +0 morningstar
Armour
 b - a +0 scale mail (worn)
 c - a +0 buckler (worn)
 h - a +1 pair of boots (worn)
 m - a +0 helmet (worn)
Scrolls
 f - a scroll of identify
Potions
 j - a potion of curing {unknown}
 k - 2 potions of flight
 l - 2 potions of berserk rage {unknown}
 n - 4 potions of attraction {unknown}
 o - a potion of cancellation {unknown}


   Skills:
 + Level 3.6 Fighting
 + Level 2.5 Axes
 + Level 3.8 Armour
 + Level 3.6 Shields


You had 2 spell levels left.
You didn't know any spells.
Your spell library contained the following spells:

 Spells                   Type           Power      Damage    Failure   Level
 Foxfire                  Conj/Fire      0%         2x1d4     86%         1
 Conjure Flame            Conj/Fire      0%         6-21      99%         3
 Inner Flame              Hex/Fire       0%         N/A       99%         3
 Flame Wave               Conj/Fire      0%         2d4       100%        4


Dungeon Overview and Level Annotations

Branches:
Dungeon (2/15)

Altars:

Annotations:
D:2 Sigmund


Innate Abilities, Weirdness & Mutations

You are immune to sickness and miasma.
Your stone body is resilient. (AC +3)
You are immune to poison.
You resist negative energy. (rN+)
You are resistant to electric shocks. (rElec)
You are resistant to unholy torment.
You are immune to petrification.


Message History

You hit Sigmund.
Sigmund is lightly wounded.
Sigmund closely misses you.
You barely miss Sigmund.
Sigmund is lightly wounded.
Sigmund points at you and mumbles some strange words.
The magic dart hits you but does no damage.
You slash Sigmund!
Sigmund is heavily wounded.
Sigmund casts a spell at you.
You are confused.
You're too confused to move!
Sigmund casts a spell at you.
You are more confused.
You bump into the rock wall.
Sigmund closely misses you.
You miss Sigmund.
Sigmund is heavily wounded.
Sigmund casts a spell at you.
The magic dart hits you but does no damage.
You bump into the rock wall.
Sigmund mumbles some strange words.
Sigmund flickers and vanishes!
Deactivating autopickup; reactivate with Ctrl-A.
You closely miss something. Something hits you.
You're too confused to move!
Something hits you.
You closely miss something. Something hits you.
* * * LOW HITPOINT WARNING * * *
Something hits you.
* * * LOW HITPOINT WARNING * * *
You're too confused to move!
You bump into the rock wall.
You feel less confused.
You hear some strange, mumbled words.
You are confused.
Something hits you.
* * * LOW HITPOINT WARNING * * *
You're too confused to move!
Something hits you but does no damage.
You bump into the rock wall.
You hit something. Something hits you.
You die...

#.##.......#
#.##.......#
#.########.#
#.# #.###
#.# #...#
#.# ###.####
#.# #.......
########.#
#.#.####
......{@.#
#.#.#
##########
#.#.# #.#.#
#.#..
#.######
#.......
########


There were no monsters in sight!

Vanquished Creatures
  An adder (D:2)
  A worm (D:2)
  3 bats
  4 endoplasms
  2 giant cockroaches
  5 goblins
  5 hobgoblins
  A quokka (D:1)
  3 ball pythons
  A frilled lizard (D:1)
  2 kobolds (D:2)
28 creatures vanquished.

Vanquished Creatures (collateral kills)
  A hobgoblin (D:2)
1 creature vanquished.

Grand Total: 29 creatures vanquished

Notes
Turn   | Place    | Note
-------+----------+-------------------------------------------
     0 | D:1      | bande the Gargoyle Fighter began the quest for the Orb.
     0 | D:1      | Reached XP level 1. HP: 14/14 MP: 1/1
   495 | D:1      | Reached XP level 2. HP: 19/19 MP: 2/2
  1241 | D:2      | Reached XP level 3. HP: 21/23 MP: 3/3
  2104 | D:2      | Noticed Sigmund
  2124 | D:2      | Slain by Sigmund

Illustrated notes

Levels and vault maps discovered:
D:1:      matt_arrival_grand_opening, layout_loops_corners
D:2:      layout_basic, uniq_sigmund

Skill      XL: |  1  2 |
---------------+-------+-----
Axes           | 2 |  2.5
Fighting       | |  3.6
Armour         | |  3.8
Shields        | |  3.6

Action                   || total
-------------------------++-------
Melee: War axe           ||    91
  Use: Scroll            ||     4
       Potion            ||     1
Armor: Scale mail        ||    63
Dodge: Dodged            ||    46
Block: Buckler           ||    20

Table legend: (Time is in decaauts)
 A = Elapsed time spent in this place.
 B = Non-inter-level travel time spent in this place.
 C = Inter-level travel time spent in this place.
 D = Time resting spent in this place.
 E = Time spent auto-exploring this place.
 F = Levels seen in this place.
 G = Mean time per level.
                   A        B        C        D        E       F      G
               +--------+--------+--------+--------+--------+-----+--------+
         Total |   2164 |   2164 |      0 |    127 |   1703 |   2 | 1082.0 |
       Dungeon |   2164 |   2164 |      0 |    127 |   1703 |   2 | 1082.0 |
               +--------+--------+--------+--------+--------+-----+--------+

Top non-repeatable levels by time:
     D:1: 1216 daAuts
     D:2: 947 daAuts
